 Dungeon Crawl Stone Soup version 0.25.1-2-g60ff931df9 (webtiles) character file.

Game seed: 5893748911919137323

179 Exodus22XD the Shooter (level 5, -4/42 HPs)
             Began as a Centaur Hunter on Oct 10, 2020.
             Slain by an orc
             ... wielding a +0 mace
              (5 damage)
             ... on level 3 of the Dungeon.
             The game lasted 00:05:25 (3506 turns).

Exodus22XD the Shooter (Centaur Hunter)             Turns: 3506, Time: 00:05:27

Health: -4/42      AC:  4    Str: 15    XL:     5   Next: 32%
Magic:  5/5        EV:  9    Int: 10    God:
Gold:   126        SH:  0    Dex: 10    Spells: 4/4 levels left

rFire    . . .     SeeInvis .   b - +0 short sword
rCold    . . .     Gourm    .   (no shield)
rNeg     . . .     Faith    .   c - +0 leather armour
rPois    .         Spirit   .   (no helmet)
rElec    .         Reflect  .   (no cloak)
rCorr    .         Harm     .   (no gloves)
MR       .....                  (no barding)
Stlth    +.........             (no amulet)
HPRegen  0.14/turn              (no ring)
MPRegen  0.09/turn              (no ring)

@: starving, very quick
A: large, hooves 3, deformed body, speed 2, tough skin 3
a: no special abilities


You were on level 3 of the Dungeon.
You were starving.

You visited 1 branch of the dungeon, and saw 3 of its levels.

You collected 126 gold pieces.

Inventory:

Hand Weapons
 a - a +1 shortbow
 b - a +0 short sword (weapon)
Missiles
 d - 12 arrows
Armour
 c - a +0 leather armour (worn)
Scrolls
 g - 2 scrolls of teleportation
 h - a scroll of fog {unknown}
 i - 3 scrolls of remove curse
 l - 2 scrolls of amnesia
 m - a scroll of fear {unknown}
 o - 2 scrolls of identify
Potions
 e - 2 potions of stabbing {unknown}
 j - a potion of lignification
 k - a potion of heal wounds {unknown}
 n - a potion of might {unknown}
Comestibles
 f - a ration


   Skills:
 + Level 2.6 Fighting
 + Level 6.8 Bows
 * Level 2.2 Armour
 + Level 1.9 Dodging
 - Level 0.4 Stealth


You had 4 spell levels left.
You didn't know any spells.
Your spell library contained the following spells:

 Spells                   Type           Power        Failure   Level  Hunger
 Confusing Touch          Hex            #.......     80%         3    ####...
 Gell's Gravitas          Tloc           #.........   80%         3    ####...
 Petrify                  Tmut/Erth      #.......     99%         4    #####..
 Metabolic Englaciation   Hex/Ice        #.........   100%        5    ######.
 Yara's Violent Unravell  Hex/Tmut       #.........   100%        5    ######.


Dungeon Overview and Level Annotations

Branches:
Dungeon (3/15)

Altars:
Nemelex Xobeh
Trog


Innate Abilities, Weirdness & Mutations

You have hooves in place of feet.
Armour fits poorly on your strangely shaped body.
You cover ground very quickly.
You have extremely tough skin. (AC +3)


Message History

* * * LOW HITPOINT WARNING * * *
The orc hits you but does no damage.
You hit the orc but do no damage. The orc hits you but does no damage.
The orc hits you with a +0 mace.
* * * LOW HITPOINT WARNING * * *
The orc hits you but does no damage.
You hit the orc but do no damage. The orc hits you with a +0 club.
* * * LOW HITPOINT WARNING * * *
The orc hits you with a +0 short sword.
* * * LOW HITPOINT WARNING * * *
The orc hits you with a +0 mace.
* * * LOW HITPOINT WARNING * * *
You closely miss the orc. Your kick misses the orc.
You are starving!
The orc hits you with a +0 club.
* * * LOW HITPOINT WARNING * * *
The orc barely misses you.
A worm comes into view.
The orc hits you with a +0 mace.
You die...

..................
#..##.............
##...........)....
...##............. .#
.##............ ..
..#.###w..(..(..). ..
.....(.....#####o# .......#..#
##o..>.......# #.# .......#..#
#@o.(#(....#.!...#
###........###o#.###.####.##...
......##.....#.#.# #.. ###o#
...#..........#.#####


oo# ..........#........# .## . #......#..#..##... .. #...........#
.#.######.#..........# ....................## You could see a worm (wandering)
and 3 orcs.

Vanquished Creatures
  2 orc priests (D:3)
  An orc wizard (D:3)
  4 adders
  3 worms (D:2)
  4 orcs (D:3)
  2 giant cockroaches
  7 hobgoblins
  3 jackals (D:1)
  5 bats
  2 frilled lizards (D:1)
  5 goblins
  A kobold (D:3)
  7 rats
46 creatures vanquished.

Notes
Turn   | Place    | Note
-------+----------+-------------------------------------------
     0 | D:1      | Exodus22XD the Centaur Hunter began the quest for the Orb.
     0 | D:1      | Reached XP level 1. HP: 17/17 MP: 1/1
   370 | D:1      | Reached XP level 2. HP: 16/24 MP: 2/2
   863 | D:2      | Reached skill level 6 in Bows
   890 | D:2      | HP: 1/24 [poisoned by an adder]
  1290 | D:2      | Reached XP level 3. HP: 26/29 MP: 3/3
  1326 | D:2      | Found a sparkling altar of Nemelex Xobeh.
  1689 | D:2      | Reached skill level 1 in Armour
  2144 | D:2      | Noticed a moth of wrath
  2148 | D:2      | Found a bloodstained altar of Trog.
  2642 | D:3      | Reached XP level 4. HP: 21/36 MP: 4/4
  3185 | D:3      | Reached XP level 5. HP: 7/42 MP: 5/5
  3505 | D:3      | HP: 2/42 [orc/+0 mace (3)]
  3506 | D:3      | Slain by an orc

Illustrated notes

Levels and vault maps discovered:
D:1:      dpeg_arrival_simpleton_a, layout_rooms
D:2:      layout_loops_ring, nemelex_xobeh_ov_fountains_minmay, tgw_trog
D:3:      layout_rooms

Skill      XL: |  1  2  3  4 |
---------------+-------------+-----
Bows           | 6 |  6.8
Armour         | 1 2 |  2.2
Fighting       | |  2.6
Dodging        | |  1.9
Stealth        | |  0.4

Action                   |  1- 3 |  4- 6 || total
-------------------------+-------+-------++-------
Melee: Short sword       |   139 |    48 ||   187
       Kick              |    23 |    10 ||    33
 Fire: Shortbow          |    22 |    23 ||    45
  Use: Scroll            |     5 |       ||     5
       Potion            |       |     1 ||     1
  Eat: Chunk             |     4 |     1 ||     5
Armor: Leather armour    |    53 |    20 ||    73
Dodge: Dodged            |    81 |    28 ||   109
